 Dungeon Crawl Stone Soup version 0.29.1-14-g9c671dbff4 (webtiles) character file.

Game seed: 12895055228069032750

52 KittyFluff the Trooper (level 3, 0/24 HPs)
             Began as a Gargoyle Berserker on Feb 14, 2023.
             Was a Believer of Trog.
             Slain by a gnoll
             ... wielding a +0 spear
              (4 damage)
             ... on level 2 of the Dungeon.
             The game lasted 00:05:50 (1918 turns).

KittyFluff the Trooper (Gargoyle Berserker)         Turns: 1918, Time: 00:05:51

Health: 0/24       AC:  5    Str: 20    XL:     3   Next: 85%
Magic:  3/3        EV: 12    Int:  7    God:    Trog [**....]
Gold:   93         SH:  0    Dex: 11    Spells: 2/2 levels left

rFire   . . .      SeeInvis .   a - +0 mace
rCold   . . .      Faith    .   (no shield)
rNeg    + . .      Spirit   .   b - +0 animal skin
rPois   ∞          Reflect  .   (no helmet)
rElec   +          Harm     .   (no cloak)
rCorr   .          Rampage  .   (no gloves)
Will    .....                   (no boots)
Stlth   +.........              (no amulet)
HPRegen 0.08/turn               (no ring)
MPRegen 0.08/turn               (no ring)

@: no status effects
A: sickness immunity, AC +3, negative energy resistance 1, electricity
resistance, torment resistance 1, petrification resistance
a: Renounce Religion, Berserk, Trog's Hand


You were on level 2 of the Dungeon.
You worshipped Trog.
Trog was pleased with you.
You visited 1 branch of the dungeon, and saw 2 of its levels.

You collected 93 gold pieces.

Inventory:

Hand Weapons
 a - a +0 mace (weapon)
Missiles
 c - 4 poisoned darts (quivered)
 g - 3 stones
Armour
 b - a +0 animal skin (worn)
Scrolls
 d - a scroll of teleportation {unknown}
 e - a scroll of noise {unknown}
 f - a scroll of enchant weapon
 h - a scroll of vulnerability


   Skills:
 + Level 3.9 Fighting
 + Level 3.6 Maces & Flails
 * Level 2.6 Armour
 + Level 2.0 Dodging


You had 2 spell levels left.
You didn't know any spells.
Your spell library was empty.

Dungeon Overview and Level Annotations

Branches:
Dungeon (2/15)

Altars:

Shops:
D:1 !:[


Innate Abilities, Weirdness & Mutations

You are immune to sickness and miasma.
Your stone body is resilient. (AC +3)
You are immune to poison.
You resist negative energy. (rN+)
You are resistant to electric shocks. (rElec)
You are resistant to unholy torment.
You are immune to petrification.


Message History

You kill the ball python!
Trog accepts your kill.
A gnoll comes into view. It is wielding a +0 club.
The gnoll shouts!
A gnoll comes into view. It is wielding a +0 spear.
A gnoll comes into view. It is wielding a +0 flail.
A gnoll comes into view. It is wielding a +0 flail.
The gnoll shouts!
You barely miss the gnoll. The gnoll hits you with a +0 flail.
You hit the gnoll. You punch the gnoll.
The gnoll is moderately wounded.
The gnoll closely misses you.
You sock the gnoll!
The gnoll is almost dead.
The gnoll barely misses you. The gnoll misses you.
You barely miss the gnoll.
The gnoll is almost dead.
The gnoll barely misses you.
You hit the gnoll.
You kill the gnoll!
Trog accepts your kill.
Your Dodging skill increases to level 2!
You completely miss the gnoll. The gnoll barely misses you.
The gnoll attacks as you move away! The gnoll closely misses you.
The gnoll attacks as you move away! The gnoll hits you with a +0 club.
The gnoll misses you.
You barely miss the gnoll. The gnoll barely misses you.
The gnoll hits you with a +0 club. The gnoll barely misses you.
The gnoll hits you with a +0 club!
* * * LOW HITPOINT WARNING * * *
You sock the gnoll!
The gnoll is almost dead.
The gnoll hits you but does no damage. The gnoll hits you with a +0 club.
* * * LOW HITPOINT WARNING * * *
You thump the gnoll!
You kill the gnoll!
Trog accepts your kill.
A kobold comes into view. It is wielding a +0 short sword.
The gnoll hits you from afar with a +0 spear.
You die...

######.....###.#
................
#####......K...
#.....##... ##.#####.##
#># #.# #.# #.# #.# #.#
#.# #@# #.# #)# #.# #g#
#.# #g# #.#####.### #..
#.†..)....########.....
#######....g..g....#
###.g......#.....
#########.# ###


You could see 2 gnolls and a kobold (wandering).

Vanquished Creatures
  2 gnolls (D:2)
  A worm (D:2)
  3 endoplasms
  2 giant cockroaches (D:1)
  6 goblins
  4 jackals (D:1)
  4 quokkas
  4 ball pythons
  4 bats (D:1)
  3 frilled lizards (D:1)
  2 kobolds
  A rat (D:1)
36 creatures vanquished.

Notes
Turn   | Place    | Note
-------+----------+-------------------------------------------
     0 | D:1      | KittyFluff the Gargoyle Berserker began the quest for the
                  | Orb.
     0 | D:1      | Reached XP level 1. HP: 14/14 MP: 1/1
   215 | D:1      | Found Kulukhiw's Book Shoppe.
   224 | D:1      | Found Lyaw's Distillery.
   525 | D:1      | Reached XP level 2. HP: 9/19 MP: 2/2
   825 | D:1      | Found Fialeama's Armour Shop.
   859 | D:1      | Found a faded altar of an unknown god.
  1204 | D:1      | Reached XP level 3. HP: 11/24 MP: 3/3
  1865 | D:2      | Reached ** piety under Trog
  1918 | D:2      | Slain by a gnoll

Illustrated notes

Levels and vault maps discovered:
D:1:      elethiomel_arrival_shortcut, layout_loops_ring,
          ebering_ecumenical_altar_sacrificial, serial_shops, shop,
          nicolae_shop_hallway_plus, nicolae_square_shop, chequers_mini_garden,
          minmay_misc_feat_secret_circle, minmay_tetromino_t4
D:2:      layout_loops_ring

Skill      XL: |  1  2  3 |
---------------+----------+-----
Dodging        | 2 |  2.0
Fighting       | |  3.9
Maces & Flails | |  3.6
Armour         | |  2.6

Action                   || total
-------------------------++-------
Melee: Mace              ||   115
       Punch             ||     3
  Use: Scroll            ||     2
Armor: Animal skin       ||    60
Dodge: Dodged            ||   102
